 Dungeon Crawl Stone Soup version 0.26-a0-1164-g1a551d6a14 (webtiles) character file.

Game seed: 5035296662175138541

210 vvl the Skirmisher (level 5, 0/63 HPs)
             Began as a Demonspawn Fighter on Dec 24, 2020.
             Succumbed to an orc wizard's poison
             ... on level 4 of the Dungeon.
             The game lasted 00:06:34 (3263 turns).

vvl the Skirmisher (Demonspawn Fighter)             Turns: 3263, Time: 00:06:35

Health: 0/63       AC: 22    Str: 18    XL:     5   Next: 57%
Magic:  14/14      EV:  2    Int:  9    God:
Gold:   173        SH:  9    Dex: 12    Spells: 4/4 levels left

rFire    + . .     SeeInvis .   a - +0 long sword
rCold    + + .     Faith    .   c - +0 kite shield
rNeg     + + +     Spirit   .   (armour currently unavailable)
rPois    +         Reflect  .   (helmet currently unavailable)
rElec    +         Harm     .   (cloak currently unavailable)
rCorr    +         Rampage  .   (gloves currently unavailable)
Will     .....     NoTele   +   (boots currently unavailable)
Stlth    +.........             (no amulet)
HPRegen  0.20/turn              f - ring of protection from cold
MPRegen  0.14/turn              s - ring of magical power

@: mighty, lethally poisoned (0 -> -6), tree-form, resistant, attractive
A: powered by death 2, powered by pain 1
a: no special abilities


You were on level 4 of the Dungeon.
You were a tree.
You visited 1 branch of the dungeon, and saw 4 of its levels.

You collected 173 gold pieces.

Inventory:

Hand Weapons
 a - a +0 long sword (weapon)
 u - a +0 dagger of speed
 w - a +2 dagger of speed
Armour
 b - a +0 scale mail (melded)
 c - a +0 kite shield (worn)
 x - a scarf of repulsion (melded)
Jewellery
 f - a ring of protection from cold (left branch)
 k - an uncursed ring of resist corrosion
 s - a ring of magical power (right branch)
Scrolls
 e - 8 scrolls of identify {unknown}
 h - 7 scrolls of teleportation {unknown}
 i - 2 scrolls of amnesia {unknown}
 j - a scroll of blinking {unknown}
 m - 3 scrolls of fog {unknown}
 n - a scroll of random uselessness {unknown}
 o - a scroll of enchant weapon {unknown}
 r - 2 scrolls of fear {unknown}
Potions
 d - a potion of might
 g - a potion of lignification
 q - a potion of flight {unknown}
 t - a potion of degeneration {unknown}
 v - a potion of cancellation {unknown}


   Skills:
 + Level 3.7 Fighting
 * Level 3.3 Long Blades
 + Level 3.4 Armour
 + Level 3.3 Shields
 + Level 2.0 Necromancy


You had 4 spell levels left.
You didn't know any spells.
Your spell library was empty.

Dungeon Overview and Level Annotations

Branches:
Dungeon (4/15)
 Temple: D:4-7

Altars:
Fedhas
Nemelex Xobeh

Annotations:
D:3 exclusion: oklob plant


Innate Abilities, Weirdness & Mutations

((You are partially covered in iridescent scales. (AC +2)))
You regenerate health from kills.
You sometimes gain a little power by taking damage.


Message History

Your scarf of repulsion melds into your body.
Your +0 scale mail melds into your body.
The haze of the repulsion field disappears.
Your roots penetrate the ground.
* * * LOW HITPOINT WARNING * * *
You feel sick.
The orc wizard hits you but does no damage.
The orc hits you but does no damage.
The orc wizard hits you but does no damage.
It was a potion of attraction.
You feel attractive to monsters.
* * * LOW HITPOINT WARNING * * *
You feel sick.
The orc wizard hits you but does no damage. x2
The orc hits you with a +0 short sword.
* * * LOW HITPOINT WARNING * * *
The orc wizard hits you but does no damage.
It was a potion of resistance.
You feel protected.
You die...

##...# .....# #.
#....# #. #....#
#..#....####
###..#........
#....#........ .
#.#..o♣....... ..
#....oo####### ...
#....#o###...##...
#.#......oo........
.........##...###...
##.#.#...##<..###...
#.#..#.#...........
# #..#.#.........##
##.#.#...o.....#


You could see 2 orc wizards and 2 orcs.

Vanquished Creatures
  2 orc wizards (D:3)
  An iguana (D:4)
  5 adders
  3 worms
  A dart slug (D:3)
  2 leopard geckos
  3 orcs (D:3)
  11 bats
  3 giant cockroaches
  10 goblins
  6 hobgoblins
  2 jackals (D:1)
  7 kobolds
  A quokka (D:3)
  5 ball pythons
  4 frilled lizards
  A rat (D:3)
67 creatures vanquished.

Notes
Turn   | Place    | Note
-------+----------+-------------------------------------------
     0 | D:1      | vvl the Demonspawn Fighter began the quest for the Orb.
     0 | D:1      | Reached XP level 1. HP: 18/18 MP: 1/1
   139 | D:1      | Gained mutation: You regenerate a little health from kills.
                  | [demonic ancestry]
   139 | D:1      | Reached XP level 2. HP: 24/24 MP: 2/2
   572 | D:1      | Gained mutation: You are partially covered in iridescent
                  | scales. (AC +2) [demonic ancestry]
   572 | D:1      | Reached XP level 3. HP: 21/29 MP: 3/3
   942 | D:2      | Reached skill level 1 in Necromancy
  1602 | D:2      | Gained mutation: You sometimes gain a little power by
                  | taking damage. [demonic ancestry]
  1602 | D:2      | Reached XP level 4. HP: 35/35 MP: 4/4
  1664 | D:2      | Found a sparkling altar of Nemelex Xobeh.
  2246 | D:3      | Found a blossoming altar of Fedhas.
  2259 | D:3      | Noticed an oklob plant
  2542 | D:3      | Gained mutation: You regenerate health from kills. [demonic
                  | ancestry]
  2542 | D:3      | Reached XP level 5. HP: 41/41 MP: 5/5
  3262 | D:4      | HP: 3/63 [poisoned by an orc wizard]
  3262 | D:4      | HP: 1/63 [orc/+0 short sword (2)]
  3263 | D:4      | Succumbed to an orc wizard's poison

Illustrated notes

Levels and vault maps discovered:
D:1:      nicolae_arrival_washed_ashore, layout_loops_ring
D:2:      layout_basic, nemelex_diamond_rough_becter
D:3:      layout_basic, tgw_fedhas
D:4:      layout_basic, grunt_ministairs_8, uniq_natasha

Skill      XL: |  1  2  3  4  5 |
---------------+----------------+-----
Long Blades    | 2 3 |  3.3
Armour         | 3 |  3.4
Shields        | 3 |  3.3
Necromancy     | 1 2 |  2.0
Fighting       | |  3.7

Action                   |  1- 3 |  4- 6 || total
-------------------------+-------+-------++-------
Melee: Long sword        |   122 |   134 ||   256
  Use: Potion            |       |     4 ||     4
Armor: Scale mail        |    73 |    58 ||   131
       Skin              |       |     3 ||     3
Dodge: Dodged            |    37 |    39 ||    76
       Repelled          |       |     1 ||     1
Block: Kite shield       |    66 |    63 ||   129
       Rpst.: Long sword |    11 |    15 ||    26

Table legend: (Time is in decaauts)
 A = Elapsed time spent in this place.
 B = Non-inter-level travel time spent in this place.
 C = Inter-level travel time spent in this place.
 D = Time resting spent in this place.
 E = Time spent auto-exploring this place.
 F = Levels seen in this place.
 G = Mean time per level.
                   A        B        C        D        E       F      G
               +--------+--------+--------+--------+--------+-----+--------+
         Total |   3352 |   3223 |    129 |      0 |   2665 |   4 |  838.0 |
       Dungeon |   3352 |   3223 |    129 |      0 |   2665 |   4 |  838.0 |
               +--------+--------+--------+--------+--------+-----+--------+

Top non-repeatable levels by time:
     D:3: 1399 daAuts
     D:2: 980 daAuts
     D:1: 943 daAuts
     D:4: 27 daAuts
